 Dungeon Crawl Stone Soup version 0.27-a0-1051-g288ea87c7c (webtiles) character file.

Game seed: 12284439906018634552

78 spiderkeys the Skirmisher (level 4, -1/35 HPs)
             Began as a Demonspawn Abyssal Knight on Apr 20, 2021.
             Was a Believer of Lugonu.
             Slain by Terence
             ... wielding a +0 hand axe
              (7 damage)
             ... on level 2 of the Dungeon.
             The game lasted 00:02:26 (2483 turns).

spiderkeys the Skirmisher (DsAK)                    Turns: 2483, Time: 00:02:26

Health: -1/35      AC:  6    Str: 13    XL:     4   Next: 15%
Magic:  6/6        EV:  9    Int: 13    God:    Lugonu [**....]
Gold:   138        SH:  0    Dex: 13    Spells: 3/3 levels left

rFire    . . .     SeeInvis .   a - +1 spear (flame)
rCold    . . .     Faith    .   (no shield)
rNeg     . . .     Spirit   .   j - +0 scale mail
rPois    .         Reflect  .   (no helmet)
rElec    .         Harm     .   (no cloak)
rCorr    .         Rampage  .   (no gloves)
Will     .....                  (no boots)
Stlth    ..........             (no amulet)
HPRegen  0.11/turn              (no ring)
MPRegen  0.10/turn              (no ring)

@: no status effects
A: claws 1, hooves 1
a: Renounce Religion, Depart the Abyss, Bend Space


You were on level 2 of the Dungeon.
You worshipped Lugonu.
Lugonu was pleased with you.
You visited 1 branch of the dungeon, and saw 2 of its levels.
You visited the Abyss 1 time.

You collected 138 gold pieces.


Innate Abilities, Weirdness & Mutations

You have sharp fingernails.
You have large cloven feet.


   Skills:
 + Level 3.5 Fighting
 * Level 2.8 Polearms
 + Level 2.3 Armour
 - Level 1.0 Dodging
 + Level 3.3 Invocations


You had 3 spell levels left.
You didn't know any spells.
Your spell library was empty.

Inventory:

Hand Weapons
 a - a +1 spear of flaming (weapon)
Missiles
 f - 26 arrows
 g - 39 stones
Armour
 b - a +0 leather armour
 j - a +0 scale mail (worn)
   (You found it on level 1 of the Dungeon)
Magical Staves
 c - a staff of fire {!a}
   (You found it on level 1 of the Abyss)
 e - a staff of air {!a}
   (You found it on level 1 of the Dungeon)
Wands
 l - a wand of flame (16)
   (You found it on level 2 of the Dungeon)
Scrolls
 h - a scroll of vulnerability {unknown}
 n - a scroll of identify {@r1}
Potions
 d - a potion of curing {unknown}
 i - a potion of might
 k - 2 potions of cancellation
 m - a potion of magic {unknown}

Dungeon Overview and Level Annotations

Branches:
Dungeon (2/15)

Altars:

Annotations:
D:2 Terence

########## #......[.#
#.######.#########
#########.# ####)##.......
..........# #.......######
..........# #.##.####
#########@# #.##.# #@#
#.##.# #######
########.###.##.# #......
..........##.##.###.#####
########..##.#......# #. ###
#..##.#.###### #. #####.##
#..##.#.#
..†..#.#########..##.#.#####
###.###....................#
#..## ##.#####..........##.#


You could see Terence (strong).


Message History

The kobold closely misses you.
You closely miss the kobold. The kobold hits you but does no damage.
You closely miss the kobold.
The kobold hits you with a +0 short sword. 😮 HP[-3]
You take 3 damage, and now have 19/35 hp.
You closely miss the kobold. The kobold hits you but does no damage.
You barely miss the kobold. The kobold barely misses you.
You barely miss the kobold. The kobold barely misses you.
Your scale mail prevents you from hitting the kobold.
You kick the kobold.
You kill the kobold!
Lugonu accepts your kill. 😮 HP[+1]
You now have 126 gold pieces (gained 28).
Things that are here:
a +0 short sword; a +0 chain mail; a kobold corpse
Things that are here:
a +0 short sword; a +0 chain mail; a kobold corpse A ball python comes into view.
The ball python hisses angrily. 😎 HP[+15]
Your hp is fully restored (35).
You hit the ball python. You burn the ball python.
You kill the ball python!
Lugonu accepts your kill.
No target in view!
No target in view!
No target in view!
No target in view!
A dart slug comes into view.
A dart slug is nearby!
A rat comes into view.
You hit the dart slug. You burn the dart slug.
You kick the dart slug, but do no damage.
You hit the dart slug but do no damage.
The dart slug bites you but does no damage.
You hit the dart slug. You burn the dart slug.
You kill the dart slug!
Lugonu accepts your kill.
You hit the rat. You burn the rat.
You kill the rat!
Lugonu accepts your kill.
No target in view!
No target in view!
No target in view!
You now have 138 gold pieces (gained 12).
Key pressed, stopping explore.
n - a scroll of identify {@r1} Key pressed, stopping explore.
Terence the Incautious comes into view.
He is wielding a +0 hand axe.
Terence shouts!
A hobgoblin comes into view.
The hobgoblin shouts!
You closely miss Terence. You kick Terence, but do no damage.
Terence barely misses you.
You hit Terence. You burn Terence. Terence hits you but does no damage.
You barely miss Terence. Your kick misses Terence.
Terence drinks a potion.
Terence seems to grow stronger.
You barely miss Terence. The hobgoblin hits you.
Terence hits you with a +0 hand axe. 😕 HP[-6]
You take 6 damage, and now have 29/35 hp. 😕 HP[+1]
The hobgoblin barely misses you.
Terence says, "Don't bother to defend, it's senseless."
You hit the hobgoblin. You burn the hobgoblin. You kick the hobgoblin.
The hobgoblin closely misses you.
Reach: a) +1 spear (flame)
Press: ? - help, Dir - move target, f - Terence
Aim: Terence, wielding a +0 hand axe and wearing a +0 chain mail (lightly wounded, strong, about 30% to evade your +1 spear of flaming)
The hobgoblin is in the way.
You hit the hobgoblin. You burn the hobgoblin.
You kill the hobgoblin!
Lugonu accepts your kill.
Reach: a) +1 spear (flame)
Press: ? - help, Dir - move target, f/p - Terence
Aim: Terence, wielding a +0 hand axe and wearing a +0 chain mail (lightly wounded, strong, about 30% to evade your +1 spear of flaming)
You hit Terence but do no damage. You kick Terence, but do no damage.
Terence misses you.
You hit Terence. You burn Terence. You kick Terence.
Terence hits you with a +0 hand axe! 😮 HP[-9]
You take 9 damage, and now have 21/35 hp.
MASSIVE DAMAGE!! (PAUSE)
You hit Terence but do no damage. Terence barely misses you.
You hit Terence but do no damage. Terence hits you with a +0 hand axe!
* * * LOW HITPOINT WARNING * * *
😨 HP[-11]
You take 11 damage, and now have 10/35 hp.
MASSIVE DAMAGE!! (PAUSE)
You hit Terence but do no damage. You kick Terence, but do no damage.
Terence hits you with a +0 hand axe.
* * * LOW HITPOINT WARNING * * *
😱 HP[-4]
You take 4 damage, and now have 6/35 hp.
You hit Terence. You burn Terence. Your kick misses Terence.
Terence closely misses you.
You hit Terence but do no damage. Terence hits you with a +0 hand axe!
You die...

Skill      XL: |  1  2 |
---------------+-------+-----
Dodging        | 1 |  1.0
Polearms       | 2 |  2.8
Armour         | 2 |  2.3
Invocations    | 3 |  3.3
Fighting       | |  3.5

Action                   |  1- 3 |  4- 6 || total
-------------------------+-------+-------++-------
Melee: Spear             |   116 |    26 ||   142
       Kick              |    23 |     8 ||    31
Invok: Depart the Abyss  |     1 |       ||     1
  Use: Scroll            |     4 |       ||     4
Armor: Leather armour    |    14 |       ||    14
       Scale mail        |    12 |     4 ||    16
Dodge: Dodged            |    51 |    10 ||    61

Levels and vault maps discovered:
D:1:      eino_arrival_druids_welcome, layout_loops_ring
D:2:      layout_loops_ring, basic_ecumenical_altar, uniq_terence

Notes
Turn   | Place    | Note
-------+----------+-------------------------------------------
     0 | Abyss:1  | spiderkeys the Demonspawn Abyssal Knight began the quest
                  | for the Orb.
     0 | Abyss:1  | Reached XP level 1. HP: 18/18 MP: 2/2
     0 | Abyss:1  | magus.rc [v1.9.10]
    92 | Abyss:1  | Found a corrupted altar of Lugonu.
   151 | Abyss:1  | Found a corrupted altar of Lugonu.
   273 | Abyss:1  | Noticed a ynoxinul
   285 | D:1      | You pass through the gate.
   285 | D:1      | Escaped the Abyss
   308 | D:1      | HP: 4/18 [jackal (2)]
   313 | D:1      | HP: 3/18 [jackal (1)]
   319 | D:1      | Reached skill level 1 in Dodging
   610 | D:1      | Reached skill level 2 in Polearms
   618 | D:1      | You feel monstrous as your demonic heritage exerts itself.
   618 | D:1      | Gained mutation: You have large cloven feet. [demonic
                  | ancestry]
   618 | D:1      | Reached XP level 2. HP: 13/24 MP: 3/3
   826 | D:1      | Reached * piety under Lugonu
   827 | D:1      | Reached skill level 2 in Armour
  1663 | D:2      | Reached skill level 3 in Invocations
  1663 | D:2      | Gained mutation: You have sharp fingernails. [demonic
                  | ancestry]
  1663 | D:2      | Reached XP level 3. HP: 29/29 MP: 5/5
  2174 | D:2      | Found a faded altar of an unknown god.
  2176 | D:2      | Reached ** piety under Lugonu
  2189 | D:2      | Reached XP level 4. HP: 21/35 MP: 6/6
  2464 | D:2      | Noticed Terence
  2481 | D:2      | HP: 6/35 [Terence/+0 hand axe (4)]
  2483 | D:2      | Slain by Terence

Vanquished Creatures
  3 adders (D:2)
  2 worms (D:2)
  2 dart slugs
  4 ball pythons
  A giant cockroach (D:1)
  4 goblins
  6 hobgoblins
  5 jackals (D:1)
  A quokka (D:1)
  A bat (D:1)
  5 kobolds
  6 rats
40 creatures vanquished.

Table legend:
 A = Non-vault XP
 B = Vault XP
 C = Vault XP percentage of total XP
 D = Non-vault monster count
 E = Vault monster count
 F = Vault count percentage of total count
                 A         B        C        D         E       F
            +---------+---------+-------+---------+---------+-------
      Total |     112 |       0 |   0.0 |      40 |       0 |   0.0
            +---------+---------+-------+---------+---------+-------
        D:1 |      37 |       0 |   0.0 |      20 |       0 |   0.0
        D:2 |      75 |       0 |   0.0 |      20 |       0 |   0.0
            +---------+---------+-------+---------+---------+-------

Illustrated notes

Table legend:
 A = Kills in this place as a percentage of kills in entire the game.
 B = Kills by you in this place as a percentage of kills by you in the entire game.
 C = Kills by friends in this place as a percentage of kills by friends in the entire game.
 D = Other kills in this place as a percentage of other kills in the entire game.
 E = Experience gained in this place as a percentage of experience gained in the entire game.
 F = Experience gained in this place divided by the number of levels of this place that you have seen.
                   A       B       C       D       E      F
               +-------+-------+-------+-------+-------+----------------------
         Total | 100.0 | 100.0 |   N/A |   N/A | 100.0 |  37.3
       Dungeon | 100.0 | 100.0 |   N/A |   N/A | 100.0 |  56.0
               +-------+-------+-------+-------+-------+----------------------

Table legend: (Time is in decaauts)
 A = Elapsed time spent in this place.
 B = Non-inter-level travel time spent in this place.
 C = Inter-level travel time spent in this place.
 D = Time resting spent in this place.
 E = Time spent auto-exploring this place.
 F = Levels seen in this place.
 G = Mean time per level.
                   A        B        C        D        E       F      G
               +--------+--------+--------+--------+--------+-----+--------+
         Total |   2480 |   2465 |     15 |      0 |   2179 |   3 |  826.7 |
       Dungeon |   2195 |   2180 |     15 |      0 |   1909 |   2 | 1097.5 |
         Abyss |    285 |    285 |      0 |      0 |    270 |   1 |  285.0 |
               +--------+--------+--------+--------+--------+-----+--------+

Top non-repeatable levels by time:
     D:1: 1310 daAuts
     D:2: 884 daAuts
 Abyss:1: 285 daAuts
